 Dungeon Crawl Stone Soup version 0.31-a0-631-g285b096dc4 (webtiles) character file.

Game seed: 10139248159267659658

102 subawu the Chiller (level 4, -6/33 HPs)
             Began as a Draconian Ice Elementalist on Aug 25, 2023.
             Killed from afar by an orc wizard (9 damage)
             ... with a magic dart
             ... on level 3 of the Dungeon.
             The game lasted 00:17:44 (2484 turns).

subawu the Chiller (Draconian Ice Elementalist)     Turns: 2484, Time: 00:17:45

Health: -6/33      AC:  5    Str: 10    XL:     4   Next: 49%
Magic:  7/8        EV: 12    Int: 16    God:
Gold:   141        SH:  0    Dex: 13    Spells: 6/8 levels left

rFire   . . .        o - +0 whip (venom)
rCold   . . .        (no shield)
rNeg    . . .        (body armour unavailable)
rPois   .            (helmet restricted)
rElec   .            (no cloak)
rCorr   .            (no gloves)
SInv    .            (no boots)
Will    .....        (no amulet)
Stlth   ++           (no ring)
HPRegen 0.25/turn    (no ring)
MPRegen 0.11/turn

%: no passive effects
@: no status effects
A: AC +5, unfitting armour, cold-blooded
a: no special abilities


You were on level 3 of the Dungeon.
You visited 1 branch of the dungeon, and saw 3 of its levels.

You collected 141 gold pieces.

Inventory:

Hand Weapons
 c - a +0 club
 e - a +0 short sword
 k - the +3 mace "Kiunak" {elec, rF+ Dex+3}
   (You found it on level 2 of the Dungeon)

   Dex+3:     It affects your dexterity (+3).
   rF+:       It protects you from fire.
 o - a +0 whip of venom (weapon)
 p - a +0 spear
Missiles
 j - 20 stones
Armour
 b - a +0 robe
 h - a +0 plate armour
 n - a +0 barding
Jewellery
 f - a ring of protection from fire
 l - a ring of see invisible
 m - a ring of flight
Potions
 a - a potion of magic
 g - a potion of brilliance
 i - a potion of degeneration {unknown}


   Skills:
 + Level 2.6 Dodging
 + Level 2.7 Stealth
 + Level 2.8 Spellcasting
 + Level 4.6 Ice Magic


You had 6 spell levels left.
You knew the following spells:

 Your Spells              Type           Power      Damage    Failure   Level
a - Freeze                Ice            64%        1d7       3%          1
b - Slow                  Hex            8%         N/A       19%         1

Your spell library contained the following spells:

 Spells                   Type           Power      Damage    Failure   Level
 Frozen Ramparts          Ice            32%        1d5       9%          3
 Ozocubu's Armour         Ice            16%        N/A       9%          3
 Confusing Touch          Hex            2%         N/A       50%         3
 Vampiric Draining        Necr           2%         2d6       50%         3
 Summon Ice Beast         Ice/Summ       9%         N/A       58%         4


Dungeon Overview and Level Annotations

Branches:
Dungeon (3/15)

Altars:


Innate Abilities, Weirdness & Mutations

Your plain brown scales are hard. (AC +5)
You cannot fit into any form of body armour.
You are cold-blooded and may be slowed by cold attacks.


Message History

The orc hits you with a +0 hand axe.
* * * LOW HITPOINT WARNING * * *
A giant cockroach comes into view.
The orc attacks as it pursues you! The orc barely misses you.
The orc attacks as it pursues you! The orc closely misses you.
The orc wizard mumbles some strange words.
The orc wizard flickers and vanishes!
Deactivating autopickup; reactivate with Ctrl-A.
The orc attacks as it pursues you! The orc closely misses you.
The orc throws a boomerang.
The boomerang hits you.
* * * LOW HITPOINT WARNING * * *
The orc closely misses you.
Casting: Freeze (safe; 3% risk of failure)
Confirm with . or Enter, or press ? or * to list all spells.
Aiming: Freeze (safe; 3% risk of failure)
Press: ? - help, Shift-Dir - straight line, f - orc
Aim: an orc, wielding a +0 hand axe and wearing a +0 leather armour You freeze the orc.
The orc is almost dead.
You barely miss the orc.
The orc is almost dead.
The orc misses you. The orc hits you with a +0 mace.
* * * LOW HITPOINT WARNING * * *
The orc hits you with a +0 hand axe.
* * * LOW HITPOINT WARNING * * *
You barely miss the orc.
Your tail-slap misses the orc.
The orc is almost dead.
The orc hits you but does no damage. The orc hits you with a +0 hand axe.
* * * LOW HITPOINT WARNING * * *
The orc closely misses you.
You hit the orc but do no damage.
The orc is poisoned.
The orc is almost dead.
The orc misses you.
You hit the orc.
You kill the orc!
The orc throws a boomerang.
The boomerang closely misses you.
You hear some strange, mumbled words.
A magic dart appears from out of thin air!
The magic dart hits you!
You die...

#........##....###
#..#......'....###..
....#.#.###..........
......#.# #...B###...
......#.###....# .
..........#....###..
....##......o.......
.... ...#.#.{..####.
##.#.#..@.# . #....#
## ######


You could see an orc and a giant cockroach.

Vanquished Creatures
  5 adders
  A worm (D:2)
  2 dart slugs
  2 orcs (D:3)
  4 ball pythons
  2 endoplasms (D:2)
  2 giant cockroaches
  4 goblins
  5 hobgoblins (D:1)
  4 jackals (D:1)
  3 quokkas (D:1)
  A bat (D:1)
  4 frilled lizards
  5 kobolds
  4 rats
48 creatures vanquished.

Notes
Turn   | Place    | Note
-------+----------+-------------------------------------------
     0 | D:1      | subawu the Draconian Ice Elementalist began the quest for
                  | the Orb.
     0 | D:1      | Reached XP level 1. HP: 14/14 MP: 3/3
   272 | D:1      | Reached XP level 2. HP: 19/20 MP: 0/5
   779 | D:1      | Reached XP level 3. HP: 26/26 MP: 6/6
  1246 | D:2      | Identified the +3 mace "Kiunak" {elec, rF+ Dex+3}
  1858 | D:2      | Reached XP level 4. HP: 16/33 MP: 5/7
  2099 | D:2      | Learned a level 1 spell: Slow
  2484 | D:3      | Killed from afar by an orc wizard

Illustrated notes

Levels and vault maps discovered:
D:1:      shiori_arrival_oz, layout_basic, hangedman_decor_push,
          minmay_misc_feat_columns
D:2:      layout_basic, minmay_cupped
D:3:      layout_basic

Skill      XL: |  1 |
---------------+----+-----
Dodging        | 2 |  2.6
Stealth        | 2 |  2.7
Spellcasting   | |  2.8
Ice Magic      | |  4.6

Action                     |  1- 3 |  4- 6 || total
---------------------------+-------+-------++-------
  Melee: Unarmed           |     4 |       ||     4
         Short sword       |    75 |       ||    75
         Club              |     3 |       ||     3
         Tailslap          |    11 |     5 ||    16
         Punch             |     1 |       ||     1
         Whip              |    11 |    35 ||    46
   Cast: Freeze            |    34 |     3 ||    37
         Slow              |       |     1 ||     1
    Use: Scroll            |       |     1 ||     1
   Stab: Sleeping          |     1 |       ||     1
 Armour: Skin              |    48 |    16 ||    64
  Dodge: Dodged            |   103 |    52 ||   155

Table legend: (Time is in decaauts)
 A = Elapsed time spent in this place.
 B = Non-inter-level travel time spent in this place.
 C = Inter-level travel time spent in this place.
 D = Time resting spent in this place.
 E = Time spent auto-exploring this place.
 F = Levels seen in this place.
 G = Mean time per level.
                   A        B        C        D        E       F      G
               +--------+--------+--------+--------+--------+-----+--------+
         Total |   2492 |   2413 |     79 |    319 |      0 |   3 |  830.7 |
       Dungeon |   2492 |   2413 |     79 |    319 |      0 |   3 |  830.7 |
               +--------+--------+--------+--------+--------+-----+--------+

Top non-repeatable levels by time:
     D:2: 1362 daAuts
     D:1: 1041 daAuts
     D:3: 88 daAuts
